Unix NetHack Version 5.0.0-0 post-release - last build May 23 2026 06:08:33 (1c0ff79ee797540d5714e4e18072db0edd9e58ae,branch:main).

Game began 2026-05-26 21:48:01, ended 2026-05-26 22:06:52.

CyberFan, neutral male human Tourist

                         -------
                         |(.).)|
                         |..(.--
                   ---   |%.---
                   -... .-|--
                       ......--
                       .......|                   ...
                       ...{...|                .......
                       ......--               .....|.u
                       -...%..-              --...----
                       .......|     |...-   .|...--
                      ...---.).    .|....-  ....
                      ..-|....-    ....... -..-
                      ...|...-|    ...G...|....
                      .......)|    .........--
                       ...|..)|    -.......--
                          |..--    ---...---
                          ---

CyberFan the Excursionist   St:12 Dx:11 Co:15 In:12 Wi:9 Ch:16  Neutral
Dlvl:6  $:658 HP:0(42) Pw:24(24) AC:4  Xp:6/404 T:3074 

Latest messages:
 The wolf bites!
 You miss the wolf.
 The wolf just misses!
 You miss the wolf.
 The wolf misses!
 The gnome lord zaps a wand of create monster!
 A gecko suddenly appears close by!
 You hear the chime of a cash register.
 You hit the wolf.
 The wolf bites!
 You hit the wolf!
 The wolf bites!
 The gnome lord zaps a wand of create monster!
 A fog cloud suddenly appears close by!
 What do you want to use or apply? [emn or ?*]
 In what direction?
 I don't think the wolf would appreciate that.
 The wolf just misses!
 The gnome lord zaps a wand of create monster!
 A cave spider suddenly appears next to you!
 #
 You begin praying to The Lady.
 You are surrounded by a shimmering light.
 The cave spider starts to attack you, but pulls back.
 The wolf starts to attack you, but pulls back.
 The cave spider starts to attack you, but pulls back.
 The wolf starts to attack you, but pulls back.
 The gnome lord zaps a wand of create monster!
 A white unicorn suddenly appears close by!
 The cave spider starts to attack you, but pulls back.
 The wolf starts to attack you, but pulls back.
 The gnome lord zaps a wand of create monster!
 A gnome king suddenly appears close by!
 The white unicorn starts to attack you, but pulls back.
 You finish your prayer.
 You feel that The Lady is well-pleased.
 What do you want to read? [kqxyDFG or ?*]
 As you read the scroll, it disappears.
 Where do you want to be teleported?
 (For instructions type a '?')
 You materialize in a different location!
 You hear a distant zap.
 What do you want to use or apply? [emn or ?*]
 Never mind.
 You hear a distant zap.
 The white unicorn butts!
 The white unicorn misses!
 The white unicorn butts!
 The white unicorn kicks!
 You die...

Inventory:
 Coins    ('$')
  $ - 658 gold pieces
 Amulets  ('"')
  R - a cursed amulet of restful sleep
 Weapons  (')')
  a - 23 uncursed +2 darts (at the ready)
  p - 5 uncursed +0 darts
  J - a blessed +0 dwarvish spear (weapon in right hand)
 Armor    ('[')
  L - an uncursed +0 dwarvish iron helm (being worn)
  M - an uncursed +0 pair of iron shoes (being worn)
  N - an uncursed +0 dwarvish roundshield (being worn)
  O - an uncursed +0 dwarvish cloak (being worn)
  l - an uncursed +0 Hawaiian shirt with a giant eel motif (being worn)
 Comestibles  ('%')
  H - 2 uncursed jackfruits
  I - an uncursed candy bar labeled "The Small Bar"
  e - 2 uncursed cream pies
  d - 3 uncursed food rations
  U - an uncursed partly eaten food ration
  V - an uncursed partly eaten food ration
  h - an uncursed fortune cookie
  g - an uncursed lembas wafer
  b - 4 uncursed tripe rations
  i - an uncursed tin of french fried lichen
  c - an uncursed egg
 Scrolls  ('?')
  x - a cursed scroll of confuse monster
  D - 2 uncursed scrolls of enchant armor
  G - an uncursed scroll of identify
  F - a cursed scroll of light
  k - 4 uncursed scrolls of magic mapping
  q - 2 uncursed scrolls of teleportation
 Potions  ('!')
  t - a blessed potion of gain energy
  s - an uncursed potion of gain energy
  E - 2 uncursed potions of healing
  T - a cursed potion of monster detection
  r - an uncursed potion of restore ability
  Q - a blessed potion of see invisible
 Rings    ('=')
  C - an uncursed ring of aggravate monster
  u - an uncursed ring of invisibility (on right hand)
 Tools    ('(')
  n - an uncursed credit card
  m - an uncursed expensive camera (0:42)
 Gems/Stones  ('*')
  w - 2 uncursed worthless pieces of green glass

CyberFan the Tourist's attributes:

Background:
 You were an Excursionist, a level 6 male human Tourist.
 You were neutral, on a mission for The Lady
 who was opposed by Blind Io (lawful) and Offler (chaotic).
 You were right-handed.
 You were in the Gnomish Mines, on level 6.
 You entered the dungeon 3074 turns ago.
 It was nighttime.
 You had 404 experience points, 236 more were needed to attain level 7.

Basics:
 You had 0 out of 42 hit points.
 You had all 24 energy points (spell power).
 Your armor class was 4.
 Your wallet contained 658 zorkmids.
 Autopickup was on for '$%?!"=/*', with exceptions.

Final Characteristics:
 Your strength was 12 (limit:18/100).
 Your dexterity was 11 (limit:18).
 Your constitution was 15 (limit:18).
 Your intelligence was 12 (limit:18).
 Your wisdom was 9 (limit:18).
 Your charisma was 16 (limit:18).

Final Status:
 You weren't hungry.
 You were unencumbered.
 You were wielding a spear.
 You were unskilled in spear and could have enhanced that.

Final Attributes:
 You were piously aligned.
 Your items were somewhat protected from fire.
 Your items were somewhat protected from cold.
 You were invisible.
 You were warded.
 You are dead.

Miscellaneous:
 You disabled loading and storing of bones levels.
 Total elapsed playing time was 18 minutes and 50 seconds.

Major events:
 Turn
    1: CyberFan the neutral male human Tourist entered the dungeon
  922: attained the rank of Sightseer (level 3)
 1417: entered the Gnomish Mines
 2880: attained the rank of Excursionist (level 6)
 2951: reached Mine Town
 3074: killed by a white unicorn

You didn't know any spells.

Skills:
 Fighting Skills
   bare handed combat [Unskilled]
   two weapon combat  [Unskilled]
   riding             [Unskilled]
 Weapon Skills
   dagger             [Unskilled]
   knife              [Unskilled]
   axe                [Unskilled]
   pick-axe           [Unskilled]
   short sword        [Unskilled]
   broadsword         [Unskilled]
   long sword         [Unskilled]
   two-handed sword   [Unskilled]
   saber              [Unskilled]
   mace               [Unskilled]
   morning star       [Unskilled]
   flail              [Unskilled]
   hammer             [Unskilled]
   quarterstaff       [Unskilled]
   polearms           [Unskilled]
   spear              [Unskilled]
   trident            [Unskilled]
   lance              [Unskilled]
   bow                [Unskilled]
   sling              [Unskilled]
   crossbow           [Unskilled]
   dart               [Basic]
   shuriken           [Unskilled]
   boomerang          [Unskilled]
   whip               [Unskilled]
   unicorn horn       [Unskilled]
 Spellcasting Skills
   divination spells  [Unskilled]
   enchantment spells [Unskilled]
   escape spells      [Unskilled]

Voluntary challenges:
 Character rerolling was not enabled.
 You never genocided any monsters.
 You never polymorphed an object.
 You never changed form.
 You used no wishes.
Achievements:
 You attained the rank of Sightseer.
 You entered the Gnomish Mines.
 You attained the rank of Excursionist.
 You entered Minetown.

 The Dungeons of Doom: levels 1 to 6
    Level 1:
       Many altars, a fountain.
    Level 2:
       Some fountains.
    Level 3:
       A fountain.
       Stairs down to The Gnomish Mines.
    Level 4:
    Level 5:
       A fountain.
    Level 6:
 The Gnomish Mines: levels 4 to 7
    Level 4:
    Level 5:
    Level 6: <- You were here.
       A fountain.
       Final resting place for
          you, killed by a white unicorn.
    Level 7:


Vanquished creatures:
  a gnome leader
  a floating eye
  a kitten
  a dwarf
  a rothe
  a giant bat
 an iguana
  4 manes
  a large kobold
  2 giant rats
 11 gnomes
  a gecko
  5 jackals
  a fox
  5 kobolds
  2 goblins
  9 grid bugs
  7 lichens
  a kobold zombie
  3 newts
59 creatures vanquished.

No species were genocided or became extinct.

Game over:
                       ----------
                      /          \
                     /    REST    \
                    /      IN      \
                   /     PEACE      \
                  /                  \
                  |     CyberFan     |
                  |      658 Au      |
                  |   killed by a    |
                  |  white unicorn   |
                  |                  |
                  |                  |
                  |       2026       |
                 *|     *  *  *      | *
        _________)/\\_//(\/(/\)/\//\/|_)_______

Aloha CyberFan the Tourist...

You died in The Gnomish Mines on dungeon level 6 with 1497 points,
and 658 pieces of gold, after 3074 moves.
You were level 6 with a maximum of 42 hit points when you died.

